 Dungeon Crawl Stone Soup version 0.32-a0-918-g0f22ef8d61 (webtiles) character file.

Game seed: 6670030537214964807

3607 Ofeo the Skirmisher (level 10, -2/67 HPs)
             Began as a Coglin Hexslinger on Apr 5, 2024.
             Was a Priest of Okawaru.
             Slain by a boulder beetle (16 damage)
             ... on level 7 of the Dungeon on Apr 10, 2024.
             The game lasted 00:13:59 (8565 turns).

Ofeo the Skirmisher (Coglin Hexslinger)             Turns: 8565, Time: 00:13:59

Health: -2/67      AC: 12    Str: 10    XL:     10   Next: 11%
Magic:  8/12       EV: 11    Int: 13    God:    Okawaru [***...]
Gold:   378        SH:  0    Dex: 19    Spells: 7/12 levels left

rFire   . . .        a - +1 sling {Jia}
rCold   . . .        u - +0 sling {Ming}
rNeg    . . .        C - +2 acid dragon scales
rPois   .            d - +0 helmet
rElec   .            (no cloak)
rCorr   +            m - +0 pair of gloves
SInv    .            j - +1 pair of boots
Will    .....        (amulet unavailable)
Stlth   +            (ring unavailable)
HPRegen 0.31/turn    (ring unavailable)
MPRegen 0.13/turn    (no gizmo)

%: no passive effects
@: weak-willed, revved
A: off-hand wielding, slow wielding, warmup strikes, no jewellery
a: Invent Gizmo, Renounce Religion, Heroism


You were on level 7 of the Dungeon.
You worshipped Okawaru.
Okawaru was most pleased with you.
You visited 2 branches of the dungeon, and saw 8 of its levels.

You collected 378 gold pieces.

Inventory:

Hand Weapons
 a - a +1 sling (weapon) {Jia}
 u - a +0 sling (offhand) {Ming}
Armour
 c - a +0 robe
 d - a +0 helmet (worn)
 j - a +1 pair of boots (worn)
 m - a +0 pair of gloves (worn)
 C - +2 acid dragon scales (worn)
Talismans
 s - a beast talisman
Wands
 k - a wand of warping (7)
Scrolls
 b - a scroll of poison
 f - 2 scrolls of teleportation {@r3}
 g - 2 scrolls of immolation
 i - 3 scrolls of identify {@r1}
 z - a scroll of fear
Potions
 e - 2 potions of enlightenment
 h - 2 potions of heal wounds {@q2}
 n - a potion of resistance {unknown}
 o - 4 potions of haste {unknown}
 p - a potion of mutation {unknown}
 q - 3 potions of curing {@q1}
 t - a potion of magic {unknown}
 v - a potion of might {unknown}
 x - a potion of degeneration {unknown}
 B - a potion of brilliance
 R - a potion of berserk rage


   Skills:
 - Level 2.1 Fighting
 + Level 12.4 Ranged Weapons
 - Level 2.4 Dodging
 - Level 1.7 Spellcasting
 - Level 3.2 Hexes
 - Level 1.8 Fire Magic


You had 7 spell levels left.
You knew the following spells:

 Your Spells              Type           Power      Damage    Failure   Level
a - Jinxbite              Hex            18%        N/A       17%         2
b - Sigil of Binding      Hex            9%         N/A       34%         3

Your spell library contained the following spells:

 Spells                   Type           Power      Damage    Failure   Level
 Magic Dart               Conj           4%         1d3       38%         1
 Shock                    Conj/Air       4%         1d3       38%         1
 Inner Flame              Hex/Fire       7%         N/A       41%         3
 Blink                    Tloc           2%         N/A       54%         2
 Volatile Blastmotes      Fire/Tloc      6%         2d10      65%         3
 Cause Fear               Hex            4%         N/A       75%         4
 Swiftness                Air            1%         N/A       77%         3
 Anguish                  Hex/Necr       2%         N/A       91%         4
 Dimensional Bullseye     Hex/Tloc       2%         N/A       91%         4
 Airstrike                Air            0%         2d(1-17)  99%         4
 Fulminant Prism          Conj/Alch      0%         3d5       99%         4
 Iskenderun's Mystic Bla Conj/Tloc 1%             2d3        (+2d1     99%         4
 Leda's Liquefaction      Alch/Erth      0%         N/A       99%         4
 Yara's Violent Unravell  Hex/Alch       2%         3d3       99%         5
 Alistair's Intoxication  Alch           0%         N/A       100%        5
 Borgnjor's Vile Clutch   Necr/Erth      0%         N/A       100%        5
 Lee's Rapid Deconstruct  Erth           0%         3d4*      100%        5
 Eringya's Noxious Bog    Alch           0%         4d6       100%        6
 Permafrost Eruption      Ice/Erth       0%         2x4d1     100%        6
 Enfeeble                 Hex            4%         N/A       100%        7
 Call Imp                 Summ           Unusable   N/A       N/A         2

Dungeon Overview and Level Annotations

Branches:
Dungeon (7/15)             Temple (1/1) D:5

Altars:
Ashenzari
Cheibriados
Dithmenos
Elyvilon
Fedhas
Gozag
Hepliaklqana
Kikubaaqudgha
Okawaru
Qazlal
Ru
Sif Muna
Wu Jian
Xom
Yredelemnul
Zin
The Shining One

Shops:
D:7 =

Annotations:
D:3 1 runed translucent door, Crazy Yiuf


Innate Abilities, Weirdness & Mutations

You can wield a second weapon in your off-hand.
It takes a long time for you to wield or remove held weapons.
Your first few attacks do less damage.
You cannot equip rings or amulets.


Message History

The sling bullet hits the boulder beetle but does no damage.
The boulder beetle is almost dead.
You shoot a sling bullet.
The sling bullet hits the boulder beetle but does no damage.
The boulder beetle is almost dead.
The boulder beetle seems less drained.
Fire: a) +1 sling {Jia}
Press: ? - help, Q - select action, (/) - cycle Shift-Dir - straight line, f/p - boulder beetle
Aim: a boulder beetle (almost dead, 91% to hit)
You shoot a sling bullet.
The sling bullet hits the boulder beetle but does no damage.
The boulder beetle is almost dead.
You shoot a sling bullet.
The sling bullet hits the boulder beetle.
The boulder beetle is almost dead.
Fire: a) +1 sling {Jia}
Press: ? - help, Q - select action, (/) - cycle Shift-Dir - straight line, f/p - boulder beetle
Aim: a boulder beetle (almost dead, 91% to hit)
Okay, then.
Aiming: Warp Space
Press: ? - help, Shift-Dir - straight line, f/p - boulder beetle
Aim: a boulder beetle (almost dead, chance to blink: 50%) Space twists violently!
The rupture engulfs the boulder beetle but does no damage.
The boulder beetle leaps!
The boulder beetle is almost dead.
The boulder beetle bites you!
* * * LOW HITPOINT WARNING * * *
You take 14 damage, and have 13/67 hp.
MASSIVE DAMAGE!!
Fire: a) +1 sling {Jia}
Press: ? - help, Q - select action, (/) - cycle Shift-Dir - straight line, f/p - boulder beetle
Aim: a boulder beetle (almost dead, 91% to hit)
You shoot a sling bullet.
The sling bullet hits the boulder beetle but does no damage.
The boulder beetle is almost dead.
You shoot a sling bullet.
The sling bullet hits the boulder beetle but does no damage.
The boulder beetle is almost dead.
The boulder beetle bites you!
You die...

###########..#..∩..#
...[.....##..#.....#
#########.##...#...#.
?.......#.##....###..
#.######.#.##.........
#........#.####.##....
#######..###.#
#.######
......B..###.# #.# #
######.@.....# #.#
#.##########.#
#............#
##############


You could see a boulder beetle.

Vanquished Creatures
  Pikel (D:7)
  Maggie (D:7)
  Sigmund (D:4)
  5 yaks (D:7)
  A water moccasin (D:7)
  2 ice beasts
  An orc warrior (D:7)
  A black bear (D:5)
  An ogre (D:6)
  2 sky beasts
  A centaur (D:7)
  A phantom (D:5)
  A bullfrog (D:6)
  Dowan (D:5)
  3 howler monkeys (D:7)
  2 hounds
  2 bombardier beetles (D:5)
  3 jellies
  2 orc priests
  Jessica (D:2)
  2 orc wizards
  Terence (D:3)
  5 sleepcaps
  2 iguanas
  Ijyb (D:3)
  Robin (D:3)
  6 gnolls
  5 adders
  A white imp (D:5)
  2 ufetubi (D:7)
  2 dart slugs
  2 ribbon worms (D:2)
  21 orcs
  6 endoplasms
  4 giant cockroaches
  10 goblins
  13 hobgoblins
  2 jackals (D:1)
  9 kobolds
  4 quokkas
  5 ball pythons
  6 bats
  5 frilled lizards
  6 rats
154 creatures vanquished.

Vanquished Creatures (others)
  Duvessa (D:5)
1 creature vanquished.

Grand Total: 155 creatures vanquished

Notes
Turn   | Place    | Note
-------+----------+-------------------------------------------
     0 | D:1      | Ofeo the Coglin Hexslinger began the quest for the Orb.
     0 | D:1      | Reached XP level 1. HP: 15/15 MP: 2/2
   110 | D:1      | Reached skill level 1 in Fire Magic
   141 | D:1      | Reached XP level 2. HP: 21/21 MP: 3/3
   516 | D:1      | Reached skill level 2 in Ranged Weapons
   643 | D:1      | Reached XP level 3. HP: 26/26 MP: 4/4
  1196 | D:1      | Learned a level 2 spell: Jinxbite
  1434 | D:2      | Reached XP level 4. HP: 25/33 MP: 3/6
  2065 | D:2      | Noticed Jessica
  2112 | D:2      | Killed Jessica
  2113 | D:2      | Reached XP level 5. HP: 38/38 MP: 7/7
  2460 | D:2      | Learned a level 3 spell: Sigil of Binding
  2542 | D:3      | Noticed Ijyb
  2555 | D:3      | Paralysed by Ijyb for 5 turns
  2564 | D:3      | Paralysed by Ijyb for 4 turns
  2570 | D:3      | Paralysed by Ijyb for 3 turns
  2574 | D:3      | Killed Ijyb
  2575 | D:3      | Reached skill level 3 in Ranged Weapons
  2670 | D:3      | Noticed Robin
  2689 | D:3      | Killed Robin
  3125 | D:3      | Noticed Terence
  3136 | D:3      | Killed Terence
  3137 | D:3      | Reached XP level 6. HP: 41/44 MP: 2/8
  3314 | D:3      | Found a runed translucent door.
  3315 | D:3      | Noticed Crazy Yiuf
  3353 | D:3      | Reached skill level 4 in Ranged Weapons
  4769 | D:4      | Noticed Sigmund
  4774 | D:4      | Killed Sigmund
  4775 | D:4      | Reached skill level 5 in Ranged Weapons
  4775 | D:4      | Reached XP level 7. HP: 50/50 MP: 9/9
  4832 | D:5      | Entered Level 5 of the Dungeon
  4946 | D:5      | Reached skill level 6 in Ranged Weapons
  4955 | D:5      | Found a shimmering blue altar of Sif Muna.
  5125 | D:5      | Noticed Duvessa
  5125 | D:5      | Noticed Dowan
  5156 | D:5      | Killed Duvessa
  5157 | D:5      | Reached skill level 7 in Ranged Weapons
  5157 | D:5      | Reached XP level 8. HP: 16/56 MP: 5/10
  5177 | D:5      | Killed Dowan
  5672 | D:5      | Found a staircase to the Ecumenical Temple.
  5715 | D:5      | Found a stormy altar of Qazlal.
  5925 | Temple   | Entered the Ecumenical Temple
  5926 | Temple   | Upgraded the game from 0.32-a0-900-g30fb1b0edc to
                  | 0.32-a0-918-g0f22ef8d61
  5985 | Temple   | Became a worshipper of Warmaster Okawaru
  6071 | D:6      | Reached skill level 8 in Ranged Weapons
  6687 | D:6      | Reached * piety under Okawaru
  6688 | D:6      | Reached skill level 9 in Ranged Weapons
  7401 | D:7      | Reached XP level 9. HP: 50/61 MP: 8/11
  7525 | D:7      | Reached skill level 10 in Ranged Weapons
  7525 | D:7      | Reached ** piety under Okawaru
  7665 | D:7      | Reached skill level 11 in Ranged Weapons
  7884 | D:7      | Found a shimmering altar of Xom.
  7907 | D:7      | Found Likiom's One-of-a-Kind Rings.
  8097 | D:7      | Noticed Pikel
  8110 | D:7      | Killed Pikel
  8110 | D:7      | Reached *** piety under Okawaru
  8118 | D:7      | Noticed Maggie
  8131 | D:7      | Killed Maggie
  8132 | D:7      | Reached skill level 12 in Ranged Weapons
  8132 | D:7      | Reached XP level 10. HP: 67/67 MP: 8/12
  8506 | D:7      | Noticed a boulder beetle
  8533 | D:7      | HP: 3/67 [boulder beetle (11)]
  8565 | D:7      | Slain by a boulder beetle

Illustrated notes

Levels and vault maps discovered:
D:1:      amcnicky_arrival_flooded_fountain, layout_basic
D:2:      layout_basic, uniq_jessica
D:3:      layout_loops_ring, uniq_ijyb, uniq_robin, uniq_terence,
          uniq_crazy_yiuf_cottage
D:4:      layout_gridville, sigmund_army
D:5:      layout_loops_ring, mainiacjoe_overflow_catch_the_wave,
          minmay_temple_entry_mist, uniq_duvessa
D:6:      layout_loops_ring, corexii_item_surrounded_by_moat,
          minmay_misc_feat_chi, nicolae_figureground_pulse
D:7:      layout_basic, regret_index_xom_buried_treasure, hex_intersection,
          nicolae_shop_unique_rings, minmay_misc_feat_alley, uniq_pikel,
          uniq_maggie
Temple:   nicolae_temple_two_arcs

Skill      XL: |  1  2  3  4  5  6  7  8  9 |
---------------+----------------------------+-----
Fire Magic     | 1 |  1.8
Ranged Weapons | 2 3 5 7 9 12 | 12.4
Dodging        | 2 |  2.4
Hexes          | 3 |  3.2
Fighting       | 2 |  2.1
Spellcasting   | |  1.7

Action                     |  1- 3 |  4- 6 |  7- 9 | 10-12 || total
---------------------------+-------+-------+-------+-------++-------
   Fire: Sling             |   138 |   402 |   574 |    78 ||  1192
   Cast: Jinxbite          |     1 |     9 |    22 |     6 ||    38
         Sigil of Binding  |       |     1 |       |       ||     1
  Evoke: Wand              |       |     3 |     5 |     7 ||    15
    Use: Scroll            |     1 |     8 |     2 |     5 ||    16
         Potion            |       |     1 |       |     3 ||     4
 Armour: Robe              |    27 |    75 |    78 |       ||   180
         Acid dragon scale |       |       |       |    24 ||    24
         Skin              |       |       |       |     1 ||     1
  Dodge: Dodged            |    16 |    68 |    67 |    12 ||   163

Table legend: (Time is in decaauts)
 A = Elapsed time spent in this place.
 B = Non-inter-level travel time spent in this place.
 C = Inter-level travel time spent in this place.
 D = Time resting spent in this place.
 E = Time spent auto-exploring this place.
 F = Levels seen in this place.
 G = Mean time per level.
                   A        B        C        D        E       F      G
               +--------+--------+--------+--------+--------+-----+--------+
         Total |   8623 |   8261 |    362 |    775 |   6236 |   8 | 1077.9 |
       Dungeon |   8552 |   8200 |    352 |    775 |   6236 |   7 | 1221.7 |
        Temple |     70 |     60 |     10 |      0 |      0 |   1 |   70.0 |
               +--------+--------+--------+--------+--------+-----+--------+

Top non-repeatable levels by time:
     D:3: 1531 daAuts
     D:1: 1393 daAuts
     D:7: 1270 daAuts
     D:6: 1224 daAuts
     D:5: 1157 daAuts
     D:2: 1127 daAuts
     D:4: 848 daAuts
  Temple: 70 daAuts
